[Event "Titled Tuesday Blitz December 20 Early 2022"]
[White "queen_iryna"]
[Black "Durin, Jean-Pierre"]
[BlackFideId "26026600"]
[WhiteElo "2354"]
[BlackElo "1819"]
[Result "0-1"]
[Round "08"]
[TimeControl "180+2"]
[Date "2022.12.20"]
[WhiteClock "0:00:05"]
[BlackClock "0:00:15"]

1. e4 c5 2. Nf3 Nc6 3. Bb5 g6 4. Bxc6 dxc6 5. d3 Bg7 6. Nc3 e5 7. Be3 b6 8. Qd2 h6 9. O-O Ne7 10. h3 Be6 11. Nh2 f5 12. exf5 gxf5 13. f4 exf4 14. Bxf4 Ng6 15. Rae1 Kf7 16. Ng4 Nxf4 17. Rxf4 Re8 18. Ne5+ Bxe5 19. Rxe5 Qf6 20. Re2 Bd7 21. Ref2 Kg7 22. Ne4 Qxb2 23. Nd6 Re5 24. Nxf5+ Bxf5 25. Rxf5 Rxf5 26. Rxf5 Re8 27. Rf4 Qa1+ 28. Rf1 Qd4+ 29. Kh1 Qe3 30. Qc3+ Qd4 31. Qb3 Qd5 32. Qb2+ Qd4 33. Qc1 Qe3 34. Qd1 Qe6 35. Qf3 Re7 36. Qf8+ Kh7 37. Qf4 Rg7 38. Kh2 Qd5 39. Rf2 Qg5 40. Qxg5 hxg5 41. Rf5 Kg6 42. Re5 Rf7 43. Kg3 Rd7 44. Re4 Kf5 45. Kf3 Rd6 46. g4+ Kf6 47. Kg3 b5 48. Re2 a5 49. Rf2+ Kg6 50. Rf5 Rd5 51. Rf8 c4 52. dxc4 bxc4 53. Rc8 Rc5 54. h4 gxh4+ 55. Kxh4 c3 56. Ra8 Kf6 57. Rf8+ Kg6 58. Rg8+ Kf7 59. Ra8 Rb5 60. Ra7+ Kg6 61. Ra6 Kg7 62. g5 Rb2 63. Rxc6 Rxc2 64. Rc7+ Kg6 65. Rc6+ Kg7 66. Rc7+ Kf8 67. Kh5 Rh2+ 68. Kg6 c2 69. Rc8+ Ke7 70. Kg7 Kd7 71. Rc3 Kd6 72. g6 Kd5 73. Kg8 Rg2 74. g7 Kd4 75. Rc8 Kd3 76. Kf7 Kd2 77. Rd8+ Kc1 78. g8=Q Rxg8 79. Kxg8 Kb1 80. Rc8 c1=Q 81. Rxc1+ Kxc1 82. Kf7 a4 83. Ke6 a3 84. Kd5 Kb2 85. Kc4 Kxa2 86. Kc3 Kb1 0-1


[Site "https://www.chess.com"]

[Event "Titled Tuesday Blitz December 20 Early 2022"]
[White "rasmussvane"]
[Black "Ordekalog"]
[WhiteElo "2949"]
[BlackElo "2796"]
[Result "1-0"]
[Round "08"]
[TimeControl "180+2"]
[Date "2022.12.20"]
[WhiteClock "0:00:17"]
[BlackClock "0:00:04"]

1. Nf3 d5 2. g3 c5 3. Bg2 Nc6 4. d4 Nf6 5. O-O cxd4 6. Nxd4 Na5 7. Nb3 e5 8. Bg5 Be6 9. Nc3 d4 10. Nxa5 Qxa5 11. Bxb7 Rb8 12. Bc6+ Ke7 13. b4 Rxb4 14. Ne4 Rc4 15. Bb7 h6 16. Bd2 Qc7 17. Rb1 Nxe4 18. Bxe4 Kf6 19. f4 Bc5 20. fxe5+ Ke7 21. Rb7 d3+ 22. Kg2 Qxb7 23. Bxb7 dxc2 24. Qa1 Rd8 25. Ba5 Rb8 26. Bf3 Be3 27. Rc1 Bd4 28. Qxd4 Rxd4 29. Rxc2 Rd7 30. Bc7 Rc8 31. Bd6+ Kd8 32. Rb2 g5 33. a4 g4 34. Be4 Rc4 35. Bd3 1-0


[Site "https://www.chess.com"]

[Event "Titled Tuesday Blitz December 20 Early 2022"]
[White "sergeikim"]
[Black "Baki, Peter"]
[BlackFideId "718459"]
[WhiteElo "2606"]
[BlackElo "2100"]
[Result "1-0"]
[Round "08"]
[TimeControl "180+2"]
[Date "2022.12.20"]
[WhiteClock "0:00:39"]
[BlackClock "0:00:06"]

1. d4 Nf6 2. c4 g6 3. Nc3 d5 4. cxd5 Nxd5 5. e4 Nxc3 6. bxc3 Bg7 7. Bc4 O-O 8. Ne2 c5 9. O-O Nc6 10. Be3 Bg4 11. f3 Na5 12. Bd3 cxd4 13. cxd4 Bd7 14. Qd2 Rc8 15. Bh6 Nc4 16. Bxc4 Rxc4 17. Bxg7 Kxg7 18. Rfc1 Rxc1+ 19. Rxc1 Qb6 20. h4 Rc8 21. Rxc8 Bxc8 22. h5 Be6 23. h6+ Kf8 24. Kh2 f6 25. d5 Qc7+ 26. Kh1 Bd7 27. Nd4 Kf7 28. Qb4 Qc1+ 29. Kh2 Qxh6+ 30. Kg1 Qe3+ 31. Kh2 Qf4+ 32. Kg1 Qc7 33. Qb3 Kg7 34. Qb4 Kf7 35. Qb3 Qc5 36. Qb2 b5 37. Kh1 b4 38. Nb3 Qe3 39. Qc2 Qc3 40. Qf2 Qc7 41. Qd4 a5 42. Nc5 h5 43. f4 Bg4 44. e5 Bf5 45. d6 exd6 46. exd6 Qc6 47. d7 Bxd7 48. Nxd7 a4 49. Nc5 b3 50. axb3 a3 51. b4 Qa8 52. Qd7+ Kg8 53. Ne6 Qa7 54. Qxa7 1-0


[Site "https://www.chess.com"]

[Event "Titled Tuesday Blitz December 20 Early 2022"]
[White "sofaceindisguise"]
[Black "Viktorin, Tomas"]
[BlackFideId "328316"]
[WhiteElo "2741"]
[BlackElo "1971"]
[Result "0-1"]
[Round "08"]
[TimeControl "180+2"]
[Date "2022.12.20"]
[WhiteClock "0:00:05"]
[BlackClock "0:01:02"]

1. d4 Nf6 2. c4 g6 3. Nf3 Bg7 4. g3 O-O 5. Bg2 d6 6. O-O Nc6 7. Nc3 a6 8. a4 a5 9. Bg5 h6 10. Be3 Qe8 11. Qc1 Kh7 12. d5 Nb4 13. Nd4 e5 14. Ndb5 Qe7 15. h3 Nh5 16. c5 f5 17. cxd6 cxd6 18. Bb6 Ra6 19. Bc7 f4 20. Ne4 Nxd5 21. Bxd6 Rxd6 22. Nbxd6 Be6 23. g4 f3 24. exf3 Nhf4 25. Qc5 Qh4 26. Ra3 Nxh3+ 27. Bxh3 Nf4 28. Qe3 Qxh3 29. Qxf4 Rxf4 30. Rc1 Rxf3 31. Rxf3 Qxf3 32. g5 Bh3 33. Nf6+ Bxf6 34. Rc7+ Bg7 35. gxh6 Qg2# 0-1


[Site "https://www.chess.com"]

[Event "Titled Tuesday Blitz December 20 Early 2022"]
[White "stepanosinovsky"]
[Black "GregLeBarbare"]
[WhiteElo "2443"]
[BlackElo "2242"]
[Result "1-0"]
[Round "08"]
[TimeControl "180+2"]
[Date "2022.12.20"]
[WhiteClock "0:00:57"]
[BlackClock "0:02:10"]

1. e4 e6 2. d3 c5 3. Nd2 Nc6 4. Ngf3 g6 5. h4 h6 6. g3 Bg7 7. Bg2 Nge7 8. O-O d6 9. a4 O-O 10. Re1 e5 11. h5 g5 12. Nc4 Bg4 13. c3 Bxh5 14. Qb3 Qd7 15. Nh2 Bg6 16. f4 gxf4 17. gxf4 f5 18. Nxe5+ Kh7 19. Nxd7 1-0


[Site "https://www.chess.com"]

[Event "Titled Tuesday Blitz December 20 Early 2022"]
[White "stollenmonster"]
[Black "Liaqat, Ali ISB"]
[BlackFideId "7807058"]
[WhiteElo "2932"]
[BlackElo "1927"]
[Result "0-1"]
[Round "08"]
[TimeControl "180+2"]
[Date "2022.12.20"]
[WhiteClock "0:00:08"]
[BlackClock "0:00:08"]

1. Nf3 d5 2. b3 c5 3. Bb2 Nc6 4. e3 a6 5. g3 d4 6. exd4 cxd4 7. Bg2 g6 8. O-O Bg7 9. Re1 Nh6 10. c3 O-O 11. cxd4 Nf5 12. Nc3 Nfxd4 13. Nxd4 Nxd4 14. d3 Ra7 15. Qd2 b5 16. Ne2 Bf5 17. Nxd4 Bxd4 18. Rad1 Rd7 19. Bxd4 Rxd4 20. Qc3 e6 21. Bf1 Qd7 22. Re3 Rc8 23. Qa5 Qd6 24. Ree1 h5 25. Rc1 Rxc1 26. Rxc1 Bxd3 27. Rd1 Bxf1 28. Rxd4 Qxd4 29. Kxf1 Qd6 30. h4 Kg7 31. Qc3+ e5 32. Qa5 Kf6 33. a4 Qc6 34. Kg1 bxa4 35. bxa4 Kf5 36. Qb4 f6 37. a5 Qe4 38. Qb6 Qc4 39. Qb1+ e4 40. Qb6 Qd3 41. Qc7 Kg4 42. Kh2 Qf3 43. Qc8+ f5 44. Qc5 e3 45. Qd4+ Qe4 46. Qd1+ e2 47. Qe1 f4 48. Qd2 e1=Q 49. Qd7+ Qe6 50. Qd4 Q1e4 51. Qd1+ Qe2 52. Qd4 Q2e4 53. Qd1+ Qf3 54. Qd4 Kf5 55. Qc5+ Qfd5 56. Qc2+ Kf6 57. Qc3+ Kf7 58. Qc7+ Qed7 59. Qxf4+ Q5f5 60. Qe3 Qde6 61. Qa7+ Kg8 62. Qb8+ Kg7 63. Qc7+ Qff7 64. Qc3+ Qef6 0-1


[Site "https://www.chess.com"]

[Event "Titled Tuesday Blitz December 20 Early 2022"]
[White "szachuspl"]
[Black "Chesstrainer1"]
[WhiteElo "2642"]
[BlackElo "2467"]
[Result "1-0"]
[Round "08"]
[TimeControl "180+2"]
[Date "2022.12.20"]
[WhiteClock "0:01:22"]
[BlackClock "0:00:08"]

1. d4 Nf6 2. c4 g6 3. Nc3 Bg7 4. e4 d6 5. Be2 O-O 6. Nf3 e5 7. Be3 Ng4 8. Bg5 f6 9. Bh4 h5 10. d5 c5 11. Nd2 Nh6 12. f3 Nf7 13. O-O Bh6 14. Bf2 f5 15. a3 Nd7 16. b4 b6 17. bxc5 bxc5 18. Rb1 Nf6 19. Re1 g5 20. exf5 Bxf5 21. Nde4 g4 22. Rb7 Bc8 23. Rb2 gxf3 24. Bxf3 Ng4 25. h3 Nxf2 26. Rxf2 Ng5 27. Nxg5 Bxg5 28. Ne4 Bh4 29. g3 Be7 30. Bxh5 Bxh3 31. Bg4 Rxf2 32. Nxf2 Bxg4 33. Qxg4+ Kf8 34. Ne4 Ke8 35. Rf1 Rb8 36. Qe6 Qd7 37. Nf6+ 1-0


[Site "https://www.chess.com"]

[Event "Titled Tuesday Blitz December 20 Early 2022"]
[White "talaicito"]
[Black "kidagent"]
[WhiteElo "2293"]
[BlackElo "2292"]
[Result "1/2-1/2"]
[Round "08"]
[TimeControl "180+2"]
[Date "2022.12.20"]
[WhiteClock "0:00:13"]
[BlackClock "0:00:43"]

1. d4 d5 2. Bf4 Nf6 3. Nc3 a6 4. e3 c5 5. Nf3 cxd4 6. exd4 Nc6 7. Ne5 Bf5 8. Bd3 Bxd3 9. Qxd3 e6 10. O-O Bd6 11. Rfe1 O-O 12. a3 Rc8 13. Bg5 Rc7 14. Ne2 h6 15. Bh4 Nxe5 16. dxe5 Bxe5 17. c3 g5 18. Bg3 Bxg3 19. Nxg3 Qd6 20. Rad1 Qb6 21. Qf3 Kg7 22. Re2 Rc4 23. h3 Rf4 24. Qd3 h5 25. Re3 h4 26. Ne2 Re4 27. Nd4 Qxb2 28. Rxe4 Nxe4 29. f3 Nf2 30. Qe3 Nxd1 31. Qxg5+ Kh7 32. Qh5+ Kg7 33. Qg5+ Kh7 34. Qh5+ Kg7 35. Qg5+ 1/2-1/2


[Site "https://www.chess.com"]

[Event "Titled Tuesday Blitz December 20 Early 2022"]
[White "temiksmozg"]
[Black "Salomez, Maxime"]
[BlackFideId "652079600"]
[WhiteElo "2549"]
[BlackElo "1359"]
[Result "1-0"]
[Round "08"]
[TimeControl "180+2"]
[Date "2022.12.20"]
[WhiteClock "0:00:09"]
[BlackClock "0:00:01"]

1. e4 c5 2. Nf3 e6 3. d3 Nc6 4. g3 g6 5. Bg2 Bg7 6. O-O Nge7 7. c3 O-O 8. d4 cxd4 9. Nxd4 d5 10. Nxc6 bxc6 11. Bg5 Ba6 12. Re1 Rb8 13. Qc1 Qd7 14. Nd2 f5 15. Bxe7 Qxe7 16. exd5 e5 17. dxc6 e4 18. Nb3 Rfc8 19. Nd4 Qd6 20. Qd2 Bd3 21. b3 Bxd4 22. cxd4 Rxc6 23. Qe3 Rd8 24. f3 Qxd4 25. Qxd4 Rxd4 26. fxe4 Bxe4 27. Bxe4 fxe4 28. Kf2 Rf6+ 29. Ke3 Rd3+ 30. Kxe4 Rd2 31. h4 Rff2 32. a4 Rb2 33. Rab1 Ra2 34. Rbc1 Rab2 35. Rc3 Rg2 36. Kd4 Kf7 37. Rf1+ Ke6 38. Rff3 Kd6 39. Rf6+ Ke7 40. Ra6 Rgd2+ 41. Ke4 Rd7 42. Kf4 Rf2+ 43. Kg5 Rf5+ 44. Kg4 1-0


[Site "https://www.chess.com"]

[Event "Titled Tuesday Blitz December 20 Early 2022"]
[White "tylityli"]
[Black "Husnutdinov, Damir"]
[BlackFideId "14200910"]
[WhiteElo "2334"]
[BlackElo "2415"]
[Result "1-0"]
[Round "08"]
[TimeControl "180+2"]
[Date "2022.12.20"]
[WhiteClock "0:01:06"]
[BlackClock "0:00:01"]

1. d4 f6 2. e4 e6 3. f4 b6 4. Nf3 Bb7 5. Bd3 Nc6 6. O-O Qe7 7. c3 h5 8. e5 O-O-O 9. a4 Nh6 10. a5 Nxa5 11. b4 Nc6 12. Ba6 d6 13. Bxb7+ Kxb7 14. Qa4 dxe5 15. fxe5 h4 16. Qa6+ Kb8 17. b5 Na5 18. Rxa5 bxa5 19. Na3 Qd7 20. Nc4 Qc8 21. Qxa5 Qb7 22. Qa4 h3 23. Na5 hxg2 24. Nxb7 gxf1=Q+ 25. Kxf1 Kxb7 26. Qa6+ Kb8 27. Qxe6 fxe5 28. Nxe5 Bd6 29. Nc6+ Kb7 30. Nxd8+ Rxd8 31. Bxh6 gxh6 32. Qxh6 Rf8+ 33. Ke2 Re8+ 34. Kd3 Rf8 35. h4 Rf3+ 36. Kc4 Rh3 37. h5 1-0


[Site "https://www.chess.com"]

[Event "Titled Tuesday Blitz December 20 Early 2022"]
[White "wonderfultime"]
[Black "Nemegejas"]
[WhiteElo "3066"]
[BlackElo "2883"]
[Result "1-0"]
[Round "08"]
[TimeControl "180+2"]
[Date "2022.12.20"]
[WhiteClock "0:00:10"]
[BlackClock "0:00:02"]

1. d4 Nf6 2. Nf3 e6 3. Bf4 d5 4. e3 Bd6 5. Bg3 O-O 6. c4 Bb4+ 7. Nc3 Ne4 8. Qc2 c5 9. Bd3 cxd4 10. Nxd4 Nf6 11. cxd5 exd5 12. O-O Nc6 13. Nxc6 bxc6 14. Na4 Bd7 15. Rac1 Be7 16. Nc5 Bc8 17. h3 h6 18. Rfd1 a5 19. Qc3 a4 20. Bc2 a3 21. b4 Qb6 22. Qd4 Re8 23. Be5 Qd8 24. Bd3 Bf8 25. Bf4 g6 26. b5 Bg7 27. bxc6 Nh5 28. Qb4 Nxf4 29. Qxf4 Qb6 30. Nd7 Qb2 31. Rc2 d4 32. Rxb2 axb2 33. Bc4 Re7 34. Qd6 Re8 35. Qxg6 Re7 36. Qd6 Re8 37. exd4 Ra4 38. Nb6 1-0


[Site "https://www.chess.com"]

[Event "Titled Tuesday Blitz December 20 Early 2022"]
[White "Abd El Fatah, Reda Fadel"]
[Black "temiksmozg"]
[WhiteFideId "10600752"]
[WhiteElo "2134"]
[BlackElo "2549"]
[Result "1-0"]
[Round "09"]
[TimeControl "180+2"]
[Date "2022.12.20"]
[WhiteClock "0:00:14"]
[BlackClock "0:00:02"]

1. a3 b5 2. e4 Bb7 3. Nc3 a6 4. d4 e6 5. f4 c5 6. d5 Nf6 7. dxe6 fxe6 8. e5 Nd5 9. Nf3 Be7 10. Nxd5 Bxd5 11. Bd3 c4 12. Be2 O-O 13. O-O Bc5+ 14. Kh1 Nc6 15. c3 d6 16. exd6 Bxd6 17. Nd4 Qc7 18. Bf3 Bxf3 19. Rxf3 Nxd4 20. Qxd4 Bc5 21. Qe4 Qd7 22. Be3 Rac8 23. Re1 Rfe8 24. h3 Qd5 25. Bxc5 Qxe4 26. Rxe4 Rxc5 27. Rfe3 Kf7 28. g4 e5 29. fxe5 Ke6 30. Kg2 Rf8 31. Rd4 Rxe5 32. Rxe5+ Kxe5 33. Rd7 g5 34. Re7+ Kf4 35. Rxh7 Rd8 36. Rf7+ Ke3 37. Rf3+ Ke4 38. Rf2 Rd3 39. Re2+ Kf4 40. Rf2+ Ke4 41. Kh2 Ke3 42. Kg3 Ke4+ 43. Kg2 Re3 44. Kf1 Rxh3 45. Ke2 Re3+ 46. Kd2 Rd3+ 47. Kc2 Rf3 48. Re2+ Kf4 49. Re6 Kxg4 50. Rxa6 Rf5 51. Kd2 Kf3 52. Ke1 g4 53. Kf1 g3 54. Rg6 Rf4 55. Rg5 Re4 56. Rf5+ Rf4 57. Rxb5 Ke3+ 58. Kg2 Kd3 59. Kxg3 Rf7 60. Rb4 Rf8 61. Kg4 Rf7 62. a4 Rf8 63. a5 Ra8 64. Rb5 Ke4 65. Kg5 Ra6 66. Rc5 Kd3 67. Kf4 Kc2 68. Rb5 Kd3 69. Ke5 Rh6 70. Kd5 Kc2 71. Kxc4 Rh4+ 72. Kc5 1-0


[Site "https://www.chess.com"]

[Event "Titled Tuesday Blitz December 20 Early 2022"]
[White "Abundo, Casto"]
[Black "Oleksandr_Bortnyk"]
[WhiteFideId "5200512"]
[WhiteElo "2175"]
[BlackElo "2984"]
[Result "1/2-1/2"]
[Round "09"]
[TimeControl "180+2"]
[Date "2022.12.20"]
[WhiteClock "0:00:06"]
[BlackClock "0:00:02"]

1. e4 Nf6 2. e5 Nd5 3. d4 d6 4. c4 Nb6 5. f4 dxe5 6. fxe5 Bf5 7. Nc3 e6 8. Be3 Bb4 9. Nf3 c5 10. Be2 Nc6 11. O-O cxd4 12. Nxd4 O-O 13. Nxf5 exf5 14. Rxf5 Bxc3 15. bxc3 Qe7 16. Qd6 Rfd8 17. Qxe7 Nxe7 18. Rff1 Rac8 19. Rab1 Ng6 20. Bd4 Re8 21. c5 Nd7 22. Rxb7 Ndxe5 23. Bb5 Red8 24. Rxa7 f6 25. a4 h5 26. a5 Rb8 27. Ba4 Rb2 28. a6 Nh4 29. c6 Rxg2+ 30. Kh1 Ng4 31. Bg1 Rdd2 32. Bb3+ Kh7 33. Bd5 Rxd5 34. c7 Rdd2 35. c8=Q Rxg1+ 36. Kxg1 Rg2+ 37. Kh1 Rxh2+ 38. Kg1 Rg2+ 39. Kh1 Rh2+ 40. Kg1 Rg2+ 41. Kh1 Rh2+ 1/2-1/2


[Site "https://www.chess.com"]

[Event "Titled Tuesday Blitz December 20 Early 2022"]
[White "Aishath, Aika"]
[Black "alexrustemov"]
[WhiteFideId "16702026"]
[WhiteElo "2770"]
[BlackElo "2891"]
[Result "0-1"]
[Round "09"]
[TimeControl "180+2"]
[Date "2022.12.20"]
[WhiteClock "0:00:03"]
[BlackClock "0:00:19"]

1. d4 g6 2. e4 Bg7 3. Nc3 d6 4. f4 Nf6 5. Bd3 O-O 6. Nf3 Bg4 7. Be3 Na6 8. O-O Nd7 9. a3 c5 10. d5 Nc7 11. h3 Bxf3 12. Rxf3 a6 13. a4 b6 14. Qe2 Qc8 15. h4 Nf6 16. f5 b5 17. axb5 axb5 18. Rxa8 Qxa8 19. Nxb5 Nxb5 20. Bxb5 Qa1+ 21. Rf1 Qxb2 22. fxg6 hxg6 23. Bd3 c4 24. Bxc4 Nxe4 25. Qd3 f5 26. Bb3 Qf6 27. Bg5 Nxg5 28. hxg5 Qxg5 29. Re1 Bf6 30. Ba4 Kg7 31. Bd7 Rh8 32. Rd1 Qh4 33. Qf3 Qc4 34. Qd3 Qc5+ 35. Kf1 Rh1+ 36. Ke2 Rh2 37. Kf1 Qb4 38. Be6 Qh4 39. Qf3 Rh1+ 40. Ke2 Qc4+ 41. Qd3 Qg4+ 42. Qf3 Qxf3+ 43. gxf3 Rh2+ 44. Kd3 Rf2 45. Ra1 Rxf3+ 46. Ke2 Rc3 47. Ra8 Rxc2+ 48. Kf3 Rc3+ 49. Ke2 Kh6 50. Rg8 Rg3 51. Bf7 Be5 52. Kf2 f4 53. Be8 Bd4+ 54. Ke2 f3+ 55. Kd3 f2+ 56. Kxd4 f1=Q 0-1


[Site "https://www.chess.com"]

[Event "Titled Tuesday Blitz December 20 Early 2022"]
[White "Alex_Sahakyan2006"]
[Black "GuessChess_game"]
[WhiteElo "2611"]
[BlackElo "2424"]
[Result "1-0"]
[Round "09"]
[TimeControl "180+2"]
[Date "2022.12.20"]
[WhiteClock "0:00:18"]
[BlackClock "0:00:01"]

1. c4 Nf6 2. Nc3 c5 3. Nf3 Nc6 4. e3 e6 5. d4 cxd4 6. exd4 d5 7. cxd5 Nxd5 8. Bd3 Be7 9. O-O O-O 10. a3 Bf6 11. Bc2 Nce7 12. Qd3 g6 13. Bh6 Re8 14. Rad1 Bd7 15. Rfe1 Bc6 16. Ne5 Nf5 17. Bc1 Rc8 18. Nxc6 bxc6 19. Qe4 Qb6 20. Na4 Qc7 21. g3 a5 22. Kg2 Red8 23. Nc5 Qe7 24. Na4 Qa7 25. Be3 Re8 26. Nc5 e5 27. Qg4 Nfxe3+ 28. fxe3 exd4 29. exd4 Rcd8 30. Be4 Qc7 31. Bxd5 cxd5 32. Rxe8+ Rxe8 33. Qf3 Bg7 34. b4 1-0


[Site "https://www.chess.com"]

[Event "Titled Tuesday Blitz December 20 Early 2022"]
[White "Alexander_Donchenko"]
[Black "manitodeplomo"]
[WhiteElo "2812"]
[BlackElo "2639"]
[Result "1-0"]
[Round "09"]
[TimeControl "180+2"]
[Date "2022.12.20"]
[WhiteClock "0:01:32"]
[BlackClock "0:00:01"]

1. Nf3 Nf6 2. c4 e6 3. d4 b6 4. a3 Bb7 5. Nc3 g6 6. Qc2 Bxf3 7. exf3 Bg7 8. Be3 O-O 9. Be2 d6 10. h4 c5 11. dxc5 bxc5 12. O-O-O Qb6 13. g4 Nbd7 14. h5 Rab8 15. hxg6 fxg6 16. f4 Qc6 17. g5 Ne8 18. Rxh7 Kxh7 19. Ne4 Rxb2 20. Rh1+ Kg8 21. Qd3 d5 22. Ng3 Nd6 23. Qxg6 Rfb8 24. Qxe6+ Kf8 25. Bd3 Ra2 26. Nf5 Ra1+ 27. Kd2 Rb2+ 28. Bc2 Rxc2+ 29. Kxc2 Qa4+ 30. Kd2 Nxc4+ 31. Ke2 Qc2+ 32. Kf3 Qe4+ 33. Qxe4 dxe4+ 34. Kg2 Rxh1 35. Kxh1 Nxe3 36. fxe3 Nb6 37. Kg2 Bb2 38. Nd6 Bxa3 39. f5 Bb2 40. f6 Bxf6 41. gxf6 Nd5 42. Nxe4 c4 43. Kf2 a5 44. Ke2 a4 45. Kd2 a3 46. Kc2 1-0


[Site "https://www.chess.com"]

[Event "Titled Tuesday Blitz December 20 Early 2022"]
[White "Alibaev, Akbar"]
[Black "Karjakin, Sergey"]
[WhiteFideId "14200325"]
[BlackFideId "14109603"]
[WhiteElo "2295"]
[BlackElo "2747"]
[Result "1-0"]
[Round "09"]
[TimeControl "180+2"]
[Date "2022.12.20"]
[WhiteClock "0:00:29"]
[BlackClock "0:00:05"]

1. e4 c5 2. Nf3 d6 3. d4 cxd4 4. Nxd4 Nf6 5. Nc3 a6 6. Bg5 e6 7. f4 Be7 8. Qf3 Qc7 9. O-O-O Nbd7 10. g4 b5 11. Bxf6 Nxf6 12. g5 Nd7 13. f5 O-O 14. Rg1 b4 15. Nce2 e5 16. f6 exd4 17. fxe7 Re8 18. Nxd4 Ne5 19. Qf4 Be6 20. Nf5 Rac8 21. Rg2 b3 22. axb3 d5 23. Kb1 Bxf5 24. exf5 Qxe7 25. f6 Qc5 26. fxg7 Ng6 27. Qd2 a5 28. Bd3 Rcd8 29. h4 Kxg7 30. h5 Ne5 31. Bf5 d4 32. Bd3 a4 33. bxa4 Rb8 34. g6 fxg6 35. hxg6 h5 36. Rg5 Rxb2+ 37. Kxb2 Rb8+ 38. Ka2 Qd5+ 39. Ka1 Qc5 40. Bb5 Qa3+ 41. Kb1 Qxa4 42. Rxe5 Rxb5+ 43. Rxb5 Qxb5+ 44. Kc1 1-0


[Site "https://www.chess.com"]

[Event "Titled Tuesday Blitz December 20 Early 2022"]
[White "Alphafischer2019"]
[Black "Toh, Terry"]
[BlackFideId "5800323"]
[WhiteElo "2543"]
[BlackElo "2394"]
[Result "1-0"]
[Round "09"]
[TimeControl "180+2"]
[Date "2022.12.20"]
[WhiteClock "0:00:13"]
[BlackClock "0:01:09"]

1. Nf3 Nf6 2. g3 d5 3. Bg2 g6 4. O-O Bg7 5. d4 O-O 6. c4 dxc4 7. Na3 Nc6 8. Nxc4 Be6 9. Nce5 Bd5 10. Bf4 a5 11. Rc1 e6 12. Qa4 Nd7 13. Nxd7 Qxd7 14. Rfd1 Rfd8 15. e3 h6 16. h4 Qe7 17. a3 Rd7 18. g4 Rad8 19. Bg3 e5 20. dxe5 Nxe5 21. Nxe5 Bxe5 22. Bxe5 Qxe5 23. Rc5 c6 24. Qxa5 Bxg2 25. Rxe5 Rxd1+ 26. Kxg2 1-0


[Site "https://www.chess.com"]

[Event "Titled Tuesday Blitz December 20 Early 2022"]
[White "Aradhya, Garg"]
[Black "Etoilegeniale"]
[WhiteFideId "25006746"]
[WhiteElo "2284"]
[BlackElo "2593"]
[Result "1-0"]
[Round "09"]
[TimeControl "180+2"]
[Date "2022.12.20"]
[WhiteClock "0:00:11"]
[BlackClock "0:00:04"]

1. d4 d5 2. c4 c6 3. Nc3 Nf6 4. cxd5 cxd5 5. Bf4 Nc6 6. e3 a6 7. Be2 e6 8. Rc1 Bd6 9. Bxd6 Qxd6 10. f4 O-O 11. Nf3 b5 12. O-O Bb7 13. Ne5 Ne7 14. Bd3 Ne4 15. a4 f6 16. Nf3 b4 17. Nb1 Rac8 18. Qe2 Rc6 19. Nbd2 Rfc8 20. Rb1 R6c7 21. Nb3 Qb6 22. Nfd2 a5 23. Bxe4 dxe4 24. Nc5 f5 25. Rfc1 Nd5 26. Nc4 Qa7 27. Nxe6 Ba6 28. Nxc7 Rxc7 29. g4 b3 30. gxf5 Qb8 31. Kh1 Qb4 32. Qh5 Nf6 33. Qd1 Rxc4 34. Rxc4 Bxc4 35. Rc1 h6 36. Qe1 Qxe1+ 37. Rxe1 Nd5 38. Kg2 Kf7 39. Kf2 Bd3 40. Rc1 Bc2 41. Ke2 Kf6 42. Rg1 Nb4 43. Rg6+ Kxf5 44. Rxg7 Nd3 45. Ra7 Nxb2 46. Rxa5+ Kg4 47. Rc5 Nd3 48. Rb5 b2 49. a5 Nxf4+ 50. Kd2 Bd3 51. Rxb2 Nd5 52. Rb3 Bc4 53. Rb2 Kf3 54. Rc2 Bd3 55. Rc5 Nb4 56. Rf5+ Kg2 57. Rf4 Kxh2 58. Rh4+ Kg3 59. Rxh6 Kf3 60. Rf6+ Kg4 61. Rf4+ Kg5 62. Rf8 Kg4 63. Rf4+ Kg3 64. Rf8 Kg4 65. Rb8 Na6 66. Rb6 Kf3 67. d5 Nc5 68. Rf6+ Kg4 69. d6 Kg5 70. Rf7 Kg6 71. d7 Ne6 72. Re7 Nd8 73. Re8 1-0


[Site "https://www.chess.com"]

[Event "Titled Tuesday Blitz December 20 Early 2022"]
[White "AsaHoffmann"]
[Black "AldokhinIvan"]
[WhiteElo "2376"]
[BlackElo "2572"]
[Result "1-0"]
[Round "09"]
[TimeControl "180+2"]
[Date "2022.12.20"]
[WhiteClock "0:01:29"]
[BlackClock "0:00:06"]

1. d4 Nf6 2. Bg5 Ne4 3. Bf4 c5 4. f3 Nf6 5. dxc5 Qa5+ 6. Nc3 Qxc5 7. e4 d6 8. Qd2 g6 9. O-O-O Bg7 10. Nge2 O-O 11. Bh6 Nc6 12. h4 Be6 13. h5 Rac8 14. Bxg7 Kxg7 15. Nf4 Nb4 16. a3 Na2+ 17. Nxa2 Bxa2 18. hxg6 hxg6 19. Nd3 Qxc2+ 20. Qxc2 Bb3 21. Rd2 Bxc2 22. Rxc2 Rxc2+ 23. Kxc2 Rc8+ 24. Kd2 d5 25. e5 Nd7 26. Be2 Nb6 27. b3 g5 28. Rc1 Rh8 29. Rc7 Rh2 30. g3 d4 31. Nb4 a5 32. Rxb7 axb4 33. Rxb6 bxa3 34. Ra6 1-0


[Site "https://www.chess.com"]

[Event "Titled Tuesday Blitz December 20 Early 2022"]
[White "Aygehovit1992"]
[Black "Boudreaux, Floyd"]
[BlackFideId "2016370"]
[WhiteElo "2682"]
[BlackElo "2088"]
[Result "1-0"]
[Round "09"]
[TimeControl "180+2"]
[Date "2022.12.20"]
[WhiteClock "0:00:43"]
[BlackClock "0:00:01"]

1. e4 e5 2. Nf3 Nc6 3. Bb5 a6 4. Ba4 Nf6 5. d3 d6 6. c3 g6 7. O-O Bg7 8. Nbd2 O-O 9. Re1 b5 10. Bb3 Na5 11. Bc2 c5 12. Nf1 Nc6 13. Ng3 Re8 14. a4 Bb7 15. Bg5 h6 16. Bd2 d5 17. Qc1 Kh7 18. h4 d4 19. h5 c4 20. axb5 axb5 21. Rxa8 Bxa8 22. cxd4 Nxd4 23. dxc4 Nxf3+ 24. gxf3 Nxh5 25. Nxh5 gxh5 26. cxb5 Rg8 27. Kf1 Bb7 28. Ke2 Bc8 29. Bb3 Rf8 30. Bd5 f5 31. Rg1 Qf6 32. Qc7 h4 33. Bb4 Re8 34. Bf7 fxe4 35. Bxe8 1-0


[Site "https://www.chess.com"]

[Event "Titled Tuesday Blitz December 20 Early 2022"]
[White "BENO_CHESS"]
[Black "VitorBronson"]
[WhiteElo "2706"]
[BlackElo "2459"]
[Result "1-0"]
[Round "09"]
[TimeControl "180+2"]
[Date "2022.12.20"]
[WhiteClock "0:01:34"]
[BlackClock "0:02:02"]

1. c4 c6 2. Nc3 d5 3. d4 Nf6 4. Nf3 e6 5. e3 Nbd7 6. Bd3 Bd6 7. e4 dxc4 8. Bxc4 e5 9. dxe5 Nxe5 10. Nxe5 Bxe5 11. Qxd8+ Kxd8 12. Bxf7 Rf8 13. Bb3 Ng4 14. f3 Nxh2 15. Bg5+ Kc7 16. f4 Bxc3+ 17. bxc3 Ng4 18. Rxh7 Re8 19. Rxg7+ Kb6 20. Be7 Nh6 21. Rb1 Ka6 22. a4 Bf5 23. Bc4+ b5 24. axb5+ Ka5 25. Ra1+ Kb6 26. Ra6+ Kb7 27. bxc6+ Kc8 28. exf5 Nxf5 29. Be6+ Kb8 30. c7+ Kxc7 31. Bxf5 Kb7 32. Re6 a5 33. Be4+ 1-0


[Site "https://www.chess.com"]

[Event "Titled Tuesday Blitz December 20 Early 2022"]
[White "Battlecruiser_Operational"]
[Black "Harsha_Bharathakoti"]
[WhiteElo "2428"]
[BlackElo "2867"]
[Result "0-1"]
[Round "09"]
[TimeControl "180+2"]
[Date "2022.12.20"]
[WhiteClock "0:00:02"]
[BlackClock "0:00:18"]

1. d4 f5 2. c4 Nf6 3. g3 g6 4. Bg2 Bg7 5. Nh3 O-O 6. Nc3 e6 7. O-O d6 8. Nf4 c6 9. h4 e5 10. dxe5 dxe5 11. Qxd8 Rxd8 12. Nd3 e4 13. Nf4 Na6 14. Rd1 Bd7 15. Be3 Ng4 16. Bd4 Ne5 17. c5 Kf7 18. a3 Nc7 19. Rac1 Ne6 20. Nxe6 Bxe6 21. b4 Bb3 22. Rd2 Nc4 23. Bxg7 Nxd2 24. Bh6 Be6 25. Bf4 Rd7 26. Rc2 Nc4 27. a4 Rad8 28. Bg5 Re8 29. Bf1 Kg7 30. Bf4 h6 31. Kg2 Rh8 32. f3 exf3+ 33. exf3 Rhd8 34. Bxc4 Bxc4 35. Be5+ Kf7 36. Bd6 Re8 37. Rd2 Re3 38. Nd1 Re2+ 39. Rxe2 Bxe2 40. Ne3 b6 41. h5 Bd3 42. hxg6+ Kxg6 43. Kf2 bxc5 44. Bxc5 a6 45. Ng2 Bc2 46. Nf4+ Kf7 47. Ke3 Bxa4 48. Nd3 Ke6 49. Nf4+ Kf6 50. Bd4+ Kf7 51. Bc5 Bb5 52. Nh5 Bc4 53. Kf4 Rd3 54. Kxf5 Rxf3+ 55. Ke5 Bd5 0-1


[Site "https://www.chess.com"]